| TOP OF THE 1ST |
|
Bluefield Blue Jays batting - Pitching for Texas (APP) Rangers : RHP Bobby Scott
|
|
Pitching: RHP Bobby Scott
|
|
|
Batting: RHB Braydon Pinsent
|
0-0: SINGLE (Groundball, 34D, EV 104.4 MPH)
|
|
Batting: RHB Victor Ayala
|
0-0: Ball 1-0: Called Strike 1-1: Foul Ball, location: 2F 1-2: Ball 2-2: Foul Ball, location: 2F 2-2: Ball 3-2: Foul Ball, location: 2F 3-2: Foul Ball, location: 2F 3-2: SINGLE (Groundball, 6D, EV 100.6 MPH) Braydon Pinsent to second Braydon Pinsent to third
|
|
Batting: LHB Lothar Middelkoop
|
0-0: Ball Victor Ayala steals 2nd, throwing error, E2 Braydon Pinsent scores Victor Ayala to third 1-0: Ball 2-0: DOUBLE (Flyball, 8RXD, EV 98.8 MPH) Victor Ayala scores
|
|
Batting: RHB Bill Murray
|
0-0: Called Strike 0-1: TRIPLE (Flyball, 89XD, EV 94.4 MPH) Lothar Middelkoop scores
|
|
Batting: LHB Eric Toney
|
0-0: Ball 1-0: Ball 2-0: Ball 3-0: Base on Balls
|
|
Batting: SHB Dominik Hasek II
|
0-0: Foul Ball, location: 2F 0-1: Foul Ball, location: 2F 0-2: Hit by Pitch Eric Toney to second
|
|
Batting: RHB Dan Muns
|
0-0: Ball 1-0: Foul Ball, location: 2F 1-1: Swinging Strike 1-2: Ball 2-2: Ball 3-2: Base on Balls Bill Murray scores Eric Toney to third Dominik Hasek II to second
|
|
Batting: RHB Carlos Bravo
|
0-0: SINGLE (Line Drive, 89M, EV 106.9 MPH) Eric Toney scores Dominik Hasek II to third Dan Muns to second
|
|
Batting: RHB Mike Johnson
|
0-0: Fielders Choice at 2nd, 3-6 (Groundball, 3, EV 108.1 MPH) Dominik Hasek II scores Dan Muns to third
|
|
Batting: RHB Braydon Pinsent
|
0-0: Called Strike 0-1: Ball Mike Johnson steals 2nd base 1-1: Swinging Strike 1-2: Ball 2-2: Reached on error, E3 (Groundball, 34S, EV 87.5 MPH) Dan Muns scores Mike Johnson to third
|
|
Batting: RHB Victor Ayala
|
0-0: Ball 1-0: Called Strike 1-1: Foul Ball, location: 2F 1-2: Strikes out swinging
|
|
Batting: LHB Lothar Middelkoop
|
0-0: Ball 1-0: Called Strike 1-1: Called Strike 1-2: Ball 2-2: Ball 3-2: Strikes out swinging
|
| Top of the 1st over - 7 runs, 5 hits, 2 errors, 2 left on base; Bluefield 7 - Texas (APP) 0 |
| BOTTOM OF THE 1ST |
|
Texas (APP) Rangers batting - Pitching for Bluefield Blue Jays : RHP Tim Donovan
|
|
Pitching: RHP Tim Donovan
|
|
|
Batting: LHB Walter Vegter
|
0-0: Fly out, F8 (Flyball, 78S, EV 96.2 MPH)
|
|
Batting: RHB Sal Cervantes
|
0-0: Fly out, F3 (Line Drive, 34, EV 70.0 MPH)
|
|
Batting: LHB Tomoya Hashimoto
|
0-0: Called Strike 0-1: Fly out, F7 (Flyball, 78M, EV 80.0 MPH)
|
| Bottom of the 1st over - 0 runs, 0 hits, 0 errors, 0 left on base; Bluefield 7 - Texas (APP) 0 |
| TOP OF THE 2ND |
|
Bluefield Blue Jays batting - Pitching for Texas (APP) Rangers : RHP Bobby Scott
|
|
Batting: RHB Bill Murray
|
0-0: Swinging Strike 0-1: Ball 1-1: Foul Ball, location: 2F 1-2: Ball 2-2: Strikes out swinging
|
|
Batting: LHB Eric Toney
|
0-0: Ball 1-0: Called Strike 1-1: Ball 2-1: Called Strike 2-2: Strikes out swinging
|
|
Batting: SHB Dominik Hasek II
|
0-0: Swinging Strike 0-1: Foul Ball, location: 2F 0-2: Foul Ball, location: 2F 0-2: Ball 1-2: Ball 2-2: Foul Ball, location: 2F 2-2: Strikes out swinging
|
| Top of the 2nd over - 0 runs, 0 hits, 0 errors, 0 left on base; Bluefield 7 - Texas (APP) 0 |
| BOTTOM OF THE 2ND |
|
Texas (APP) Rangers batting - Pitching for Bluefield Blue Jays : RHP Tim Donovan
|
|
Batting: RHB Shawn Weber
|
0-0: Ball 1-0: Foul Ball, location: 2F 1-1: Ball 2-1: Ball 3-1: Foul Ball, location: 2F 3-2: Ground out 6-3 (Groundball, 4MS, EV 81.9 MPH)
|
|
Batting: RHB Rafael Tapia
|
0-0: SINGLE (Line Drive, 56, EV 105.0 MPH)
|
|
Batting: RHB Morgan Harding
|
0-0: Ball Rafael Tapia is caught stealing 2nd base 2-4 1-0: Foul Ball, location: 2F 1-1: Foul Ball, location: 2F 1-2: SINGLE (Groundball, 56D, EV 97.5 MPH)
|
|
Batting: SHB Albert Ortiz
|
0-0: Ball 1-0: Foul Ball, location: 2F 1-1: Called Strike 1-2: Ball 2-2: Ground out U3 (Groundball, 3, EV 106.9 MPH)
|
| Bottom of the 2nd over - 0 runs, 2 hits, 0 errors, 1 left on base; Bluefield 7 - Texas (APP) 0 |
| TOP OF THE 3RD |
|
Bluefield Blue Jays batting - Pitching for Texas (APP) Rangers : RHP Bobby Scott
|
|
Batting: RHB Dan Muns
|
0-0: Swinging Strike 0-1: Ball 1-1: Called Strike 1-2: Ball 2-2: Ball 3-2: Foul Ball, location: 2F 3-2: Strikes out swinging
|
|
Pitching: RHP Mike Hickey
|
|
|
Batting: RHB Carlos Bravo
|
0-0: Ball 1-0: SOLO HOME RUN (Flyball, 7D, EV 95.6 MPH), Distance : 367 ft
|
|
Batting: RHB Mike Johnson
|
0-0: Ball 1-0: Ball 2-0: Ball 3-0: Base on Balls
|
|
Batting: RHB Braydon Pinsent
|
0-0: Ball 1-0: Ball 2-0: Ball 3-0: Base on Balls Mike Johnson to second
|
|
Batting: RHB Victor Ayala
|
0-0: Called Strike 0-1: Ball 1-1: Ball 2-1: Foul Ball, location: 2F 2-2: Ball 3-2: Fly out, F4 (Popup, 13, EV 69.4 MPH)
|
|
Batting: LHB Lothar Middelkoop
|
0-0: Ball Passed Ball! Mike Johnson to third Braydon Pinsent to second 1-0: Ground out 4-3 (Groundball, 13, EV 82.5 MPH)
|
| Top of the 3rd over - 1 run, 1 hit, 0 errors, 2 left on base; Bluefield 8 - Texas (APP) 0 |
| BOTTOM OF THE 3RD |
|
Texas (APP) Rangers batting - Pitching for Bluefield Blue Jays : RHP Tim Donovan
|
|
Batting: RHB Sebastian Fisk
|
0-0: Called Strike 0-1: Called Strike 0-2: Foul Ball, location: 2F 0-2: Fly out, F9 (Flyball, 9D, EV 107.5 MPH)
|
|
Batting: RHB Ferdi Schipper
|
0-0: Ball 1-0: Foul Ball, location: 2F 1-1: Ball 2-1: Ball 3-1: Ground out 4-3 (Groundball, 4, EV 91.9 MPH)
|
|
Batting: LHB Walter Vegter
|
0-0: Ball 1-0: Ball 2-0: Ball 3-0: Called Strike 3-1: Base on Balls
|
|
Batting: RHB Sal Cervantes
|
0-0: Called Strike Walter Vegter is caught stealing 2nd base 2-4
|
| Bottom of the 3rd over - 0 runs, 0 hits, 0 errors, 0 left on base; Bluefield 8 - Texas (APP) 0 |
| TOP OF THE 4TH |
|
Bluefield Blue Jays batting - Pitching for Texas (APP) Rangers : RHP Mike Hickey
|
|
Pitching: LHP Pat Mena
|
|
|
Batting: RHB Bill Murray
|
0-0: Called Strike 0-1: Ball 1-1: Foul Ball, location: 2F 1-2: Fly out, F8 (Line Drive, 8RM, EV 90.6 MPH)
|
|
Batting: LHB Eric Toney
|
0-0: Ball 1-0: Called Strike 1-1: Ball 2-1: Foul Ball, location: 2F 2-2: Fly out, F7 (Flyball, 7, EV 86.9 MPH)
|
|
Batting: SHB Dominik Hasek II
|
0-0: Foul Ball, location: 2F 0-1: SINGLE (Line Drive, 6D, EV 94.4 MPH)
|
|
Batting: RHB Dan Muns
|
0-0: Ground out U3 (Groundball, 34, EV 106.2 MPH)
|
| Top of the 4th over - 0 runs, 1 hit, 0 errors, 1 left on base; Bluefield 8 - Texas (APP) 0 |
| BOTTOM OF THE 4TH |
|
Texas (APP) Rangers batting - Pitching for Bluefield Blue Jays : RHP Tim Donovan
|
|
Batting: RHB Sal Cervantes
|
0-0: Fly out, F8 (Flyball, 89M, EV 81.2 MPH)
|
|
Batting: LHB Tomoya Hashimoto
|
0-0: Foul Ball, location: 2F 0-1: Foul Ball, location: 2F 0-2: Ball 1-2: Ball 2-2: Ball 3-2: Fly out, F8 (Flyball, 8RXD, EV 80.0 MPH)
|
|
Batting: RHB Shawn Weber
|
0-0: Ball 1-0: SINGLE (Line Drive, 7S, EV 102.5 MPH)
|
|
Batting: RHB Rafael Tapia
|
0-0: Ground out 1-3 (Groundball, 15S, EV 73.1 MPH)
|
| Bottom of the 4th over - 0 runs, 1 hit, 0 errors, 1 left on base; Bluefield 8 - Texas (APP) 0 |
| TOP OF THE 5TH |
|
Bluefield Blue Jays batting - Pitching for Texas (APP) Rangers : LHP Pat Mena
|
|
Batting: RHB Carlos Bravo
|
0-0: Ball 1-0: Ball 2-0: DOUBLE (Line Drive, 7LM, EV 102.5 MPH)
|
|
Batting: RHB Mike Johnson
|
0-0: Ball 1-0: Ball 2-0: Foul Ball, location: 2F 2-1: Called Strike 2-2: Ball 3-2: Foul Ball, location: 2F 3-2: Base on Balls
|
|
Pitching: LHP Alex Boites
|
|
|
Batting: RHB Braydon Pinsent
|
0-0: Ball 1-0: Ball 2-0: Ball 3-0: Base on Balls Carlos Bravo to third Mike Johnson to second
|
|
Batting: RHB Victor Ayala
|
0-0: Called Strike 0-1: Swinging Strike 0-2: Ball 1-2: Foul Ball, location: 2F 1-2: DOUBLE (Groundball, 5L, EV 101.9 MPH) Carlos Bravo scores Mike Johnson scores Braydon Pinsent to third
|
|
Batting: LHB Lothar Middelkoop
|
0-0: Ball Wild Pitch! Braydon Pinsent scores Victor Ayala to third 1-0: Foul Ball, location: 2F 1-1: Ball 2-1: Ground out U3 (Groundball, 3, EV 103.8 MPH)
|
|
Batting: RHB Bill Murray
|
0-0: Called Strike 0-1: Called Strike 0-2: Ball 1-2: Strikes out swinging
|
|
Batting: LHB Eric Toney
|
0-0: Called Strike 0-1: Ground out 6-3 (Groundball, 6S, EV 80.6 MPH)
|
| Top of the 5th over - 3 runs, 2 hits, 0 errors, 1 left on base; Bluefield 11 - Texas (APP) 0 |
| BOTTOM OF THE 5TH |
|
Texas (APP) Rangers batting - Pitching for Bluefield Blue Jays : RHP Tim Donovan
|
|
Batting: RHB Morgan Harding
|
0-0: Ball 1-0: Ball 2-0: Foul Ball, location: 2F 2-1: Foul Ball, location: 2F 2-2: Foul Ball, location: 2F 2-2: SINGLE (Groundball, 56D, EV 100.0 MPH)
|
|
Batting: SHB Albert Ortiz
|
0-0: Ball Passed Ball! Morgan Harding to second 1-0: Foul Ball, location: 2F 1-1: Foul Ball, location: 2F 1-2: Ball 2-2: Ball 3-2: Strikes out swinging
|
|
Batting: RHB Sebastian Fisk
|
0-0: Ball 1-0: Ball 2-0: Ball 3-0: Base on Balls
|
|
Batting: RHB Ferdi Schipper
|
0-0: TRIPLE (Flyball, 89XD, EV 100.0 MPH) Morgan Harding scores Sebastian Fisk scores
|
|
Batting: LHB Walter Vegter
|
0-0: Called Strike 0-1: Foul Ball, location: 2F 0-2: Ball 1-2: Ground out 6-3 (Groundball, 6, EV 96.9 MPH) Ferdi Schipper scores
|
|
Batting: RHB Sal Cervantes
|
0-0: Foul Ball, location: 2F 0-1: Ground out 6-3 (Groundball, P, EV 81.2 MPH)
|
| Bottom of the 5th over - 3 runs, 2 hits, 0 errors, 0 left on base; Bluefield 11 - Texas (APP) 3 |
| TOP OF THE 6TH |
|
Bluefield Blue Jays batting - Pitching for Texas (APP) Rangers : LHP Alex Boites
|
|
Pitching: RHP Brad Sanchez
|
|
|
Batting: SHB Dominik Hasek II
|
0-0: Called Strike 0-1: Ball 1-1: Ball 2-1: Ball 3-1: Foul Ball, location: 2F 3-2: SINGLE (Groundball, 4M, EV 105.0 MPH) (infield hit)
|
|
Batting: RHB Dan Muns
|
0-0: Called Strike 0-1: Ball 1-1: Ball 2-1: Swinging Strike 2-2: Foul Ball, location: 2F 2-2: Foul Ball, location: 2F 2-2: Foul Ball, location: 2F 2-2: 2-RUN HOME RUN (Flyball, 8RXD, EV 103.8 MPH), Distance : 439 ft
|
|
Batting: RHB Carlos Bravo
|
0-0: Ball 1-0: Swinging Strike 1-1: Foul Ball, location: 2F 1-2: Ball 2-2: Foul Ball, location: 2F 2-2: Ground out 5-3 (Groundball, 5L, EV 95.6 MPH)
|
|
Pitching: RHP Javy Arias
|
|
|
Batting: RHB Mike Johnson
|
0-0: Ball 1-0: Ball 2-0: Ball 3-0: Ground out 6-3 (Groundball, 6, EV 84.4 MPH)
|
|
Batting: RHB Braydon Pinsent
|
0-0: Called Strike 0-1: Ground out 1-3 (Groundball, 25, EV 61.9 MPH)
|
| Top of the 6th over - 2 runs, 2 hits, 0 errors, 0 left on base; Bluefield 13 - Texas (APP) 3 |
| BOTTOM OF THE 6TH |
|
Texas (APP) Rangers batting - Pitching for Bluefield Blue Jays : RHP Tim Donovan
|
|
Batting: LHB Tomoya Hashimoto
|
0-0: SINGLE (Groundball, 56S, EV 73.8 MPH) (infield hit)
|
|
Batting: RHB Shawn Weber
|
0-0: Called Strike 0-1: Ball 1-1: Ball 2-1: Called Strike 2-2: Foul Ball, location: 2F 2-2: SINGLE (Groundball, 6MD, EV 102.5 MPH) Tomoya Hashimoto to second
|
|
Batting: RHB Rafael Tapia
|
0-0: Ball 1-0: Ball 2-0: Swinging Strike 2-1: Foul Ball, location: 2F 2-2: Grounds into double play, 5-4-3 (Groundball, 5, EV 82.5 MPH) Tomoya Hashimoto to third
|
|
Batting: RHB Morgan Harding
|
0-0: Ground out 5-3 (Groundball, 56S, EV 76.9 MPH)
|
| Bottom of the 6th over - 0 runs, 2 hits, 0 errors, 1 left on base; Bluefield 13 - Texas (APP) 3 |
| TOP OF THE 7TH |
|
Bluefield Blue Jays batting - Pitching for Texas (APP) Rangers : RHP Javy Arias
|
|
Batting: RHB Victor Ayala
|
0-0: Ball 1-0: Ground out 1-3 (Groundball, 15S, EV 66.9 MPH)
|
|
Batting: LHB Lothar Middelkoop
|
0-0: Foul Ball, location: 2F 0-1: Called Strike 0-2: Ball 1-2: Foul Ball, location: 2F 1-2: Strikes out looking
|
|
Batting: RHB Bill Murray
|
0-0: Ball 1-0: SINGLE (Flyball, 8RS, EV 88.1 MPH)
|
|
Batting: LHB Eric Toney
|
0-0: Ball 1-0: 2-RUN HOME RUN (Flyball, 7D, EV 93.8 MPH), Distance : 380 ft
|
|
Batting: SHB Dominik Hasek II
|
0-0: Swinging Strike 0-1: Foul Ball, location: 2F 0-2: Strikes out looking
|
| Top of the 7th over - 2 runs, 2 hits, 0 errors, 0 left on base; Bluefield 15 - Texas (APP) 3 |
| BOTTOM OF THE 7TH |
|
Texas (APP) Rangers batting - Pitching for Bluefield Blue Jays : RHP Tim Donovan
|
|
Now at 2B: Shunsuke Shiba Inu
|
|
|
Batting: SHB Albert Ortiz
|
0-0: Ball 1-0: Ball 2-0: Called Strike 2-1: Foul Ball, location: 2F 2-2: Ball 3-2: Foul Ball, location: 2F 3-2: Strikes out looking
|
|
Pitching: RHP Gu Won
|
|
|
Batting: RHB Sebastian Fisk
|
0-0: Called Strike 0-1: Foul Ball, location: 2F 0-2: Foul Ball, location: 2F 0-2: Fly out, F7 (Flyball, 78M, EV 85.0 MPH)
|
|
Batting: RHB Ferdi Schipper
|
0-0: Fly out, F8 (Flyball, 8RM, EV 84.4 MPH)
|
| Bottom of the 7th over - 0 runs, 0 hits, 0 errors, 0 left on base; Bluefield 15 - Texas (APP) 3 |
| TOP OF THE 8TH |
|
Bluefield Blue Jays batting - Pitching for Texas (APP) Rangers : RHP Javy Arias
|
|
Batting: RHB Dan Muns
|
0-0: Called Strike 0-1: Ball 1-1: SINGLE (Groundball, 3D, EV 100.0 MPH)
|
|
Batting: RHB Carlos Bravo
|
0-0: Ball 1-0: Called Strike 1-1: Ball 2-1: SINGLE (Groundball, 34D, EV 106.9 MPH) Dan Muns to second Runner from 2nd tries for 3rd, OUT! 9-5 Carlos Bravo to second
|
|
Batting: RHB Mike Johnson
|
0-0: Called Strike 0-1: Ball 1-1: Ball 2-1: SINGLE (Groundball, 6MS, EV 68.1 MPH) (infield hit) Carlos Bravo to third
|
|
Batting: RHB Braydon Pinsent
|
0-0: Swinging Strike 0-1: Ball 1-1: Ball 2-1: Ball 3-1: SINGLE (Line Drive, 4M, EV 101.2 MPH) Carlos Bravo scores Mike Johnson to second
|
|
Batting: RHB Shunsuke Shiba Inu
|
0-0: 3-RUN HOME RUN (Flyball, 7D, EV 95.6 MPH), Distance : 371 ft
|
|
Pitching: RHP Kelly Cole
|
|
|
Batting: LHB Lothar Middelkoop
|
0-0: Called Strike 0-1: Ball 1-1: Swinging Strike 1-2: Ball 2-2: Ball 3-2: Ground out 4-3 (Groundball, 34, EV 83.8 MPH)
|
|
Batting: RHB Bill Murray
|
0-0: Ball 1-0: Ball 2-0: Ball 3-0: Base on Balls
|
|
Batting: LHB Eric Toney
|
0-0: Ball Wild Pitch! Bill Murray to second 1-0: Ball 2-0: Called Strike 2-1: Fly out, F9 (Line Drive, 9, EV 103.8 MPH)
|
| Top of the 8th over - 4 runs, 5 hits, 0 errors, 1 left on base; Bluefield 19 - Texas (APP) 3 |
| BOTTOM OF THE 8TH |
|
Texas (APP) Rangers batting - Pitching for Bluefield Blue Jays : RHP Gu Won
|
|
Batting: LHB Walter Vegter
|
0-0: Ground out 5-3 (Groundball, 56, EV 83.8 MPH)
|
|
Batting: RHB Sal Cervantes
|
0-0: Ground out 5-3 (Groundball, 5S, EV 84.4 MPH)
|
|
Batting: LHB Tomoya Hashimoto
|
0-0: Ball 1-0: Called Strike 1-1: Foul Ball, location: 2F 1-2: Strikes out looking
|
| Bottom of the 8th over - 0 runs, 0 hits, 0 errors, 0 left on base; Bluefield 19 - Texas (APP) 3 |
| TOP OF THE 9TH |
|
Bluefield Blue Jays batting - Pitching for Texas (APP) Rangers : RHP Kelly Cole
|
|
Batting: SHB Dominik Hasek II
|
0-0: Swinging Strike 0-1: Ball 1-1: Called Strike 1-2: Strikes out swinging
|
|
Batting: RHB Dan Muns
|
0-0: Ball 1-0: Foul Ball, location: 2F 1-1: Foul Ball, location: 2F 1-2: Ground out 5-3 (Groundball, 56, EV 106.2 MPH)
|
|
Batting: RHB Carlos Bravo
|
0-0: Ball 1-0: Ball 2-0: Ball 3-0: Called Strike 3-1: Base on Balls
|
|
Batting: RHB Mike Johnson
|
0-0: Ball 1-0: Called Strike 1-1: Called Strike 1-2: Ball 2-2: Ball 3-2: Strikes out swinging
|
| Top of the 9th over - 0 runs, 0 hits, 0 errors, 1 left on base; Bluefield 19 - Texas (APP) 3 |
| BOTTOM OF THE 9TH |
|
Texas (APP) Rangers batting - Pitching for Bluefield Blue Jays : RHP Gu Won
|
|
Batting: RHB Shawn Weber
|
0-0: Ball 1-0: Foul Ball, location: 2F 1-1: Ground out 4-3 (Groundball, 13, EV 88.8 MPH)
|
|
Batting: RHB Rafael Tapia
|
0-0: Swinging Strike 0-1: Ball 1-1: Called Strike 1-2: Ball 2-2: Ball 3-2: Strikes out swinging
|
|
Batting: RHB Morgan Harding
|
0-0: Ball 1-0: Ground out 6-3 (Groundball, 6M, EV 85.0 MPH)
|
| Bottom of the 9th over - 0 runs, 0 hits, 0 errors, 0 left on base; Bluefield 19 - Texas (APP) 3 |
|